 Dungeon Crawl Stone Soup version 0.29-a0-275-g389c0b56f3 (webtiles) character file.

Game seed: 15514958170461982010

63 pcat the Conjurer (level 3, -4/20 HPs)
             Began as a Deep Elf Conjurer on Mar 11, 2022.
             Slain by Terence
             ... wielding a +1 short sword of venom
              (5 damage)
             ... on level 3 of the Dungeon.
             The game lasted 00:01:48 (2503 turns).

pcat the Conjurer (Deep Elf Conjurer)               Turns: 2503, Time: 00:01:48

Health: -4/20      AC:  2    Str: 10    XL:     3   Next: 87%
Magic:  6/10       EV: 12    Int: 24    God:
Gold:   137        SH:  0    Dex: 13    Spells: 9/10 levels left

rFire   . . .      SeeInvis .   h - +0 short sword
rCold   . . .      Faith    .   (no shield)
rNeg    . . .      Spirit   .   a - +0 robe
rPois   .          Reflect  .   (no helmet)
rElec   .          Harm     .   (no cloak)
rCorr   .          Rampage  .   (no gloves)
Will    .....                   (no boots)
Stlth   ++........              (no amulet)
HPRegen 0.06/turn               c - +6 ring of strength
MPRegen 0.12/turn               (no ring)

@: lethally poisoned (-4 -> -9)
A: no striking features
a: no special abilities


You were on level 3 of the Dungeon.
You visited 1 branch of the dungeon, and saw 3 of its levels.

You collected 137 gold pieces.

Inventory:

Hand Weapons
 h - a +0 short sword (weapon)
Missiles
 p - 4 javelins
 s - 22 stones
 t - 3 poisoned darts
Armour
 a - a +0 robe (worn)
Jewellery
 c - a +6 ring of strength (left hand)
 j - a ring of wizardry
 q - a ring of fire
Scrolls
 e - a scroll of immolation {unknown}
 g - 5 scrolls of identify {unknown}
 i - a scroll of torment {unknown}
 l - 2 scrolls of amnesia {unknown}
 r - a scroll of teleportation {unknown}
Potions
 b - a potion of magic
 d - a potion of might {unknown}
 f - a potion of resistance {unknown}
 k - a potion of heal wounds {unknown}
 m - a potion of degeneration {unknown}
 n - a potion of ambrosia {unknown}
 o - a potion of brilliance {unknown}
 u - a potion of invisibility {unknown}


   Skills:
 + Level 1.3 Fighting
 - Level 2.5 Dodging
 - Level 2.5 Stealth
 + Level 4.0 Spellcasting
 + Level 5.0 Conjurations


You had 9 spell levels left.
You knew the following spells:

 Your Spells              Type           Power      Damage    Failure   Level
a - Magic Dart            Conj           100%       1d8       1%          1

Your spell library contained the following spells:

 Spells                   Type           Power      Damage    Failure   Level
 Searing Ray              Conj           58%        2d6       1%          2
 Shock                    Conj/Air       68%        1d7       3%          1
 Dazzling Flash           Conj/Hex       34%        N/A       11%         3
 Mephitic Cloud           Conj/Pois/Air  12%        N/A       14%         3
 Ignite Poison            Fire/Tmut/Pois 4%         N/A       28%         3
 Swiftness                Air            4%         N/A       28%         3
 Fulminant Prism          Conj/Hex       8%         3d7       34%         4
 Iskenderun's Mystic Bla  Conj/Tloc      17%        2d5       34%         4
 Airstrike                Air            2%         N/A       67%         4
 Freezing Cloud           Conj/Ice/Air   6%         6-21      80%         5


Dungeon Overview and Level Annotations

Branches:
Dungeon (3/15)

Altars:
Fedhas

Annotations:
D:3 Terence


Message History

Found a club.
You can't see any susceptible monsters within range! (Use Z to cast anyway.)
A bat comes into view.
The magic dart hits the bat.
You kill the bat!
You see here a +0 club.
Terence the Incautious comes into view.
He is wielding a +1 short sword of venom.
The magic dart hits Terence.
Terence is lightly wounded.
Terence is nearby!
The magic dart hits Terence but does no damage.
Terence is lightly wounded.
Terence is nearby!
The magic dart hits Terence.
Terence is moderately wounded.
Terence hits you with a +1 short sword of venom!
Ouch! That really hurt!
You are poisoned.
Terence is nearby!
You are too injured to fight recklessly!
Terence is nearby!
You are too injured to fight recklessly!
Terence is nearby!
Terence attacks as you move away!
Terence hits you with a +1 short sword of venom.
* * * LOW HITPOINT WARNING * * *
x2 You feel sick.
Terence shouts, "DIE!!!"
Casting: Magic Dart (safe; 1% risk of failure)
Confirm with . or Enter, or press ? or * to list all spells.
Aiming: Magic Dart (safe; 1% risk of failure)
Press: ? - help, Shift-Dir - straight line, f/p - Terence
Aim: Terence, wielding a +1 short sword of venom and wearing a +0 scale mail (moderately wounded, 100% to hit)
The magic dart hits Terence.
Terence is moderately wounded.
* * * LOW HITPOINT WARNING * * *
You feel sick. Terence screams, "I want your blood!"
Terence hits you with a +1 short sword of venom.
You die...

### ..# #.# #.# #.#
######.#
#############......#####
#.....@@..).............
#.###.#######.....######
#.........#.........
#.#########.##..#.#. #.
#.##..#.# #. #.##..#.#
#.# #.#...#.#. #...# #.#
#.#..##.#. ####...###
#.# #)......#.


You could see Terence.

Vanquished Creatures
  A worm (D:3)
  2 dart slugs
  An orc (D:3)
  4 ball pythons
  5 bats
  2 endoplasms
  4 goblins
  6 hobgoblins
  8 jackals (D:1)
  A quokka (D:1)
  A frilled lizard (D:1)
  5 kobolds
  8 rats
48 creatures vanquished.

Notes
Turn   | Place    | Note
-------+----------+-------------------------------------------
     0 | D:1      | pcat the Deep Elf Conjurer began the quest for the Orb.
     0 | D:1      | Reached XP level 1. HP: 10/10 MP: 6/6
   180 | D:1      | Reached XP level 2. HP: 16/16 MP: 4/8
   842 | D:1      | Found a faded altar of an unknown god.
   894 | D:1      | Reached skill level 1 in Fighting
   927 | D:1      | Reached XP level 3. HP: 20/20 MP: 5/10
  2193 | D:3      | Found a blossoming altar of Fedhas.
  2268 | D:3      | Reached skill level 5 in Conjurations
  2497 | D:3      | Noticed Terence
  2503 | D:3      | HP: 1/20 [poisoned by Terence]
  2503 | D:3      | Slain by Terence

Illustrated notes

Levels and vault maps discovered:
D:1:      psy_arrival_statuary, layout_rooms, serial_curves, eino_curves_01,
          eino_curves_04, eino_curves_01, eino_curves_04,
          hellmonk_ecumenical_altar_lost_god
D:2:      kennysheep_big_flooded_room, layout_basic
D:3:      layout_basic, mainiacjoe_overflow_chevrons, uniq_terence

Skill      XL: |  1  2  3 |
---------------+----------+-----
Fighting       | 1 |  1.3
Conjurations   | 5 |  5.0
Spellcasting   | 4 |  4.0
Dodging        | |  2.5
Stealth        | |  2.5

Action                   || total
-------------------------++-------
Melee: Unarmed           ||     6
       Short sword       ||    10
 Cast: Magic Dart        ||    87
Armor: Robe              ||     3
Dodge: Dodged            ||    17

Table legend: (Time is in decaauts)
 A = Elapsed time spent in this place.
 B = Non-inter-level travel time spent in this place.
 C = Inter-level travel time spent in this place.
 D = Time resting spent in this place.
 E = Time spent auto-exploring this place.
 F = Levels seen in this place.
 G = Mean time per level.
                   A        B        C        D        E       F      G
               +--------+--------+--------+--------+--------+-----+--------+
         Total |   2502 |   2420 |     82 |    324 |   1849 |   3 |  834.0 |
       Dungeon |   2502 |   2420 |     82 |    324 |   1849 |   3 |  834.0 |
               +--------+--------+--------+--------+--------+-----+--------+

Top non-repeatable levels by time:
     D:1: 1168 daAuts
     D:2: 949 daAuts
     D:3: 384 daAuts
